 Dungeon Crawl Stone Soup version 0.26-a0-1129-gc5df7fbe6a (webtiles) character file.

Game seed: 2551948922070213288

6 Dracia the Grasshopper (level 1, -2/16 HPs)
             Began as a Demonspawn Warper on Dec 18, 2020.
             Slain by a leopard gecko (3 damage)
             ... on level 1 of the Dungeon.
             The game lasted 00:00:38 (274 turns).

Dracia the Grasshopper (Demonspawn Warper)           Turns: 274, Time: 00:00:38

Health: -2/16      AC:  3    Str: 11    XL:     1   Next: 75%
Magic:  3/3        EV: 11    Int: 14    God:
Gold:   24         SH:  0    Dex: 12    Spells: 4/4 levels left

rFire    . . .     SeeInvis .   f - +0 hunting sling (vorpal)
rCold    . . .     Faith    .   (no shield)
rNeg     . . .     Spirit   .   b - +0 leather armour
rPois    .         Reflect  .   (no helmet)
rElec    .         Harm     .   (no cloak)
rCorr    .         Rampage  .   (no gloves)
Will     .....                  (no boots)
Stlth    +.........             (no amulet)
HPRegen  0.05/turn              (no ring)
MPRegen  0.08/turn              (no ring)

@: no status effects
A: no striking features
a: no special abilities


You were on level 1 of the Dungeon.
You visited 1 branch of the dungeon, and saw 1 of its levels.

You collected 24 gold pieces.


   Skills:
 - Level 2.0 Fighting
 - Level 1.7 Short Blades
 - Level 0.8 Throwing
 - Level 0.8 Armour
 - Level 1.7 Dodging
 + Level 2.2 Spellcasting
 + Level 2.9 Translocations


You had 4 spell levels left.
You didn't know any spells.
Your spell library contained the following spells:

 Spells                   Type           Power        Failure   Level
 Blink                    Tloc           N/A          14%         2
 Gell's Gravitas          Tloc           4%           26%         3
 Lesser Beckoning         Tloc           4%           26%         3
 Teleport Other           Tloc           9%           26%         3
 Passage of Golubria      Tloc           N/A          65%         4

Inventory:

Hand Weapons
 a - a +0 short sword
 f - a +0 vorpal hunting sling (weapon)
Missiles
 e - 5 boomerangs of dispersal {=f=f}
 g - 5 sling bullets (quivered ammo)
Armour
 b - a +0 leather armour (worn)
Scrolls
 c - a scroll of identify {unknown}
 d - a scroll of blinking
 h - a scroll of enchant weapon {unknown}
 i - a scroll of fear {unknown}

Dungeon Overview and Level Annotations

Branches:
Dungeon (1/15)

Altars:

##.8.8. #.## #.....
#####..#######.## #8... ###
##................ #..###..#<#
#..#######'###### ...#b#..#.#
#..# #.# 8..#S#..#.# #..#
#####.##### ...#l#..#.# #..#
#...+.'...# 8..#h#..#.# #..#
#.###.###.# ...#D#..#.# #.@# #.#
#.# #.# #..###..#.#
#.l###'###.###'###
#8........#####..'.............+
#.........##.....###'###.###'###
##.8.8...##......# #.# #.# #.#
#.......##..###.# #.###.###.#
##########......# #...'.'...#
#.#.##.# #####[##### # # #.# #.#


You could see a leopard gecko.


Message History

You are too injured to fight recklessly!
You are too injured to fight recklessly!
You are too injured to fight recklessly!
Unknown command.
Things that are here:
a sling bullet; a bat corpse
g - 7 sling bullets (gained 1)
The leopard gecko closely misses you.
Fire: 7 sling bullets
Press: ? - help, Q - select action, (/) - cycle Shift-Dir - straight line, f/p - leopard gecko
Aim: a leopard gecko You shoot a sling bullet.
The sling bullet misses the leopard gecko.
The leopard gecko barely misses you. The leopard gecko closely misses you.
The leopard gecko misses you. The leopard gecko barely misses you.
You see here 9 sling bullets.
The leopard gecko barely misses you. The leopard gecko bites you.
* * * LOW HITPOINT WARNING * * *
Fire: 6 sling bullets
Press: ? - help, Q - select action, (/) - cycle Shift-Dir - straight line, f/p - leopard gecko
Aim: a leopard gecko You shoot a sling bullet.
The sling bullet closely misses the leopard gecko.
The leopard gecko closely misses you. The leopard gecko bites you.
* * * LOW HITPOINT WARNING * * *
The leopard gecko bites you.
You die...

Action                   || total
-------------------------++-------
Melee: Short sword       ||     5
 Fire: Hunting sling     ||    16
Armor: Leather armour    ||     2
Dodge: Dodged            ||    20

Levels and vault maps discovered:
D:1:      onia_arrival_zoo_common, layout_loops_ring, minmay_door_square

Notes
Turn   | Place    | Note
-------+----------+-------------------------------------------
     0 | D:1      | Dracia the Demonspawn Warper began the quest for the Orb.
     0 | D:1      | Reached XP level 1. HP: 16/16 MP: 3/3
     6 | D:1      | Noticed a komodo dragon
     6 | D:1      | Noticed a black bear
     6 | D:1      | Noticed a five-headed hydra
     7 | D:1      | Noticed a black mamba
   269 | D:1      | HP: 1/16 [leopard gecko (2)]
   274 | D:1      | Slain by a leopard gecko

Vanquished Creatures
  A leopard gecko (D:1)
  A hobgoblin (D:1)
  3 bats (D:1)
5 creatures vanquished.

Table legend: (Time is in decaauts)
 A = Elapsed time spent in this place.
 B = Non-inter-level travel time spent in this place.
 C = Inter-level travel time spent in this place.
 D = Time resting spent in this place.
 E = Time spent auto-exploring this place.
 F = Levels seen in this place.
 G = Mean time per level.
                   A        B        C        D        E       F      G
               +--------+--------+--------+--------+--------+-----+--------+
         Total |    276 |    276 |      0 |      0 |    210 |   1 |  276.0 |
       Dungeon |    276 |    276 |      0 |      0 |    210 |   1 |  276.0 |
               +--------+--------+--------+--------+--------+-----+--------+

Top non-repeatable levels by time:
     D:1: 276 daAuts

Table legend:
 A = Non-vault XP
 B = Vault XP
 C = Vault XP percentage of total XP
 D = Non-vault monster count
 E = Vault monster count
 F = Vault count percentage of total count
                 A         B        C        D         E       F
            +---------+---------+-------+---------+---------+-------
      Total |       9 |       0 |   0.0 |       5 |       0 |   0.0
            +---------+---------+-------+---------+---------+-------
        D:1 |       9 |       0 |   0.0 |       5 |       0 |   0.0
            +---------+---------+-------+---------+---------+-------
